 Dungeon Crawl Stone Soup version 0.25.0-11-g1f837a7 (webtiles) character file.

Game seed: 17541061397613413126

608 robertstho the Ruffian (level 7, -4/67 HPs)
             Began as a Troll Berserker on June 25, 2020.
             Was a Priest of Trog.
             Shot with an arrow by a centaur (12 damage)
             ... on level 5 of the Dungeon.
             The game lasted 00:06:11 (3310 turns).

robertstho the Ruffian (Troll Berserker)            Turns: 3310, Time: 00:06:11

Health: -4/67      AC:  6    Str: 27    XL:     7   Next: 19%
Magic:  15/15      EV: 11    Int:  4    God:    Trog [***...]
Gold:   161        SH:  0    Dex:  9    Spells: 6/6 levels left

rFire    + . .     SeeInvis .     - Unarmed
rCold    x . .     Gourm    +   (no shield)
rNeg     . . .     Faith    .   a - +0 animal skin
rPois    .         Spirit   .   (helmet restricted)
rElec    .         Reflect  .   (no cloak)
rCorr    .         Harm     .   (gloves unavailable)
MR       ++...                  (boots unavailable)
Stlth    +.........             (no amulet)
HPRegen  1.61/turn              c - ring of magical power
MPRegen  0.14/turn              d - ring of fire

@: regenerating
A: large, unfitting armour, claws 3, fast metabolism 3, gourmand, regeneration
1, shaggy fur 1, tough skin 3
a: Berserk, Trog's Hand, Renounce Religion


You were on level 5 of the Dungeon.
You worshipped Trog.
Trog was most pleased with you.
You were full.

You visited 1 branch of the dungeon, and saw 5 of its levels.
You also visited: Sewer.

You collected 161 gold pieces.

Inventory:

Armour
 a - a +0 animal skin (worn)
Jewellery
 c - a ring of magical power (left claw)
 d - a ring of fire (right claw)
 j - an uncursed ring of ice
 u - an uncursed ring of protection from magic {unknown}
Wands
 k - a wand of paralysis (3)
 l - a wand of polymorph (8)
Scrolls
 f - 4 scrolls of teleportation {unknown}
 g - a scroll of fear {unknown}
 i - 4 scrolls of remove curse {unknown}
 o - a scroll of noise {unknown}
 p - 2 scrolls of identify {unknown}
 r - a scroll of magic mapping {unknown}
 v - 2 scrolls of random uselessness {unknown}
Potions
 e - a potion of magic {unknown}
 h - a potion of resistance {unknown}
 m - a potion of brilliance {unknown}
 n - a potion of degeneration {unknown}
 q - a potion of curing {unknown}
 s - a potion of invisibility {unknown}
 t - a potion of stabbing {unknown}
 w - a potion of heal wounds {unknown}
Comestibles
 b - 10 rations


   Skills:
 * Level 3.3 Fighting
 * Level 1.5 Armour
 * Level 4.0 Dodging
 + Level 0.3 Stealth
 * Level 6.3 Unarmed Combat


You had 6 spell levels left.
You didn't know any spells.
Your spell library was empty.

Dungeon Overview and Level Annotations

Branches:
Dungeon (5/15)             Temple (0/1) D:5           Sewer (visited)

Altars:
Cheibriados
Trog
Vehumet


Innate Abilities, Weirdness & Mutations

You are too large for most types of armour.
You have claws for hands.
Your metabolism is lightning-fast.
You like to eat raw meat.
Your natural rate of healing is unusually fast.
You are covered in fur. (AC +1)
You have extremely tough skin. (AC +3)


Message History

You see here an arrow.
A centaur is nearby!
A centaur is nearby!
A centaur is nearby!
A centaur is nearby!
The centaur shoots an arrow.
The arrow hits you!!
The centaur shoots an arrow.
The arrow hits you.
You see here 2 arrows.
The centaur shoots an arrow.
The arrow hits you!
The centaur shoots an arrow.
The arrow hits you!
* * * LOW HITPOINT WARNING * * *
You see here 2 arrows.
You are too injured to fight recklessly!
You are too injured to fight recklessly!
You are too injured to fight recklessly!
You are too injured to fight recklessly!
Your skin crawls.
You feel resistant to hostile enchantments.
The centaur shoots an arrow.
The arrow hits you!
You die...

..#.⌠.#........#8
###...###.......### ##
.................. ...
.⌠..>..⌠....##...##+#...
............##.#.......
###...###......#.....#
..#.⌠.#........#.....#
..#...#........#.....#
..........+###(.@..c.#
#####..##....(########
#.......+.....#
#.......#.....#
#.......#.....#
###############


You could see a centaur.

Vanquished Creatures
  A sky beast (D:5)
  Purgy (Sewer)
  A scorpion (D:4)
  A bullfrog skeleton (D:3)
  Ijyb (D:3)
  An iguana (D:5)
  A worker ant (D:4)
  Robin (D:3)
  4 gnolls (D:3)
  8 adders
  2 oozes
  5 worms
  A dart slug (D:1)
  5 leopard geckos
  3 orcs
  9 bats
  9 giant cockroaches
  16 goblins
  8 hobgoblins
  17 jackals
  A quokka (D:3)
  A ball python (D:3)
  2 frilled lizards
  4 kobolds
  13 rats
116 creatures vanquished.

Notes
Turn   | Place    | Note
-------+----------+-------------------------------------------
     0 | D:1      | robertstho the Troll Berserker began the quest for the Orb.
     0 | D:1      | Reached XP level 1. HP: 22/22 MP: 0/0
    48 | D:1      | Reached XP level 2. HP: 23/29 MP: 1/1
   929 | D:2      | Reached XP level 3. HP: 36/36 MP: 2/2
  1159 | D:2      | Found a snail-covered altar of Cheibriados.
  1276 | D:2      | Found a radiant altar of Vehumet.
  1388 | D:2      | Reached XP level 4. HP: 38/44 MP: 3/3
  1455 | D:3      | Found a bloodstained altar of Trog.
  1470 | D:3      | Reached ** piety under Trog
  1519 | D:3      | Noticed Ijyb
  1527 | D:3      | Reached skill level 4 in Unarmed Combat
  1539 | D:3      | Killed Ijyb
  1542 | D:3      | Reached XP level 5. HP: 53/53 MP: 4/4
  1746 | D:3      | Reached skill level 1 in Armour
  1800 | D:3      | Noticed Robin
  1808 | D:3      | Reached skill level 5 in Unarmed Combat
  1819 | D:3      | Killed Robin
  1991 | D:3      | Reached *** piety under Trog
  2098 | D:3      | Reached XP level 6. HP: 52/61 MP: 5/5
  2529 | D:4      | Found a glowing drain.
  2534 | Sewer    | Entered a sewer
  2556 | Sewer    | Noticed Purgy
  2562 | Sewer    | Killed Purgy
  3160 | D:5      | Entered Level 5 of the Dungeon
  3164 | D:5      | Found a staircase to the Ecumenical Temple.
  3189 | D:5      | Noticed a sky beast
  3192 | D:5      | Reached skill level 6 in Unarmed Combat
  3214 | D:5      | Killed a sky beast
  3214 | D:5      | Reached XP level 7. HP: 18/67 MP: 6/6
  3310 | D:5      | Shot with an arrow by a centaur

Illustrated notes

Levels and vault maps discovered:
D:1:      onia_arrival_mini_spirals, layout_loops_ring, hex_large,
          grunt_decor_one_mirror
D:2:      layout_loops_ring, lemuel_crystal_altar, marbit_many_paths
D:3:      kennysheep_goblin_castle, layout_loops_cross, first_ration,
          trog_three_pillars_becter, uniq_ijyb
D:4:      layout_basic, gup_sewer_entry_bowl
D:5:      layout_gridville, nicolae_overflow_hidden_temple,
          minmay_temple_entry_junction_2, minivault_1, kennysheep_slug_shrine

Skill      XL: |  1  2  3  4  5  6 |
---------------+-------------------+-----
Dodging        | 3 4 |  4.0
Unarmed Combat | 4 5 6 |  6.3
Fighting       | 3 |  3.3
Armour         | 1 |  1.5
Stealth        | |  0.3

Action                   |  1- 3 |  4- 6 |  7- 9 || total
-------------------------+-------+-------+-------++-------
Melee: Unarmed           |   111 |   216 |       ||   327
       Punch             |     5 |     7 |       ||    12
Invok: Berserk           |       |     4 |       ||     4
       Trog's Hand       |       |       |     1 ||     1
 Stab: Sleeping          |       |     1 |       ||     1
  Eat: Chunk             |    18 |    20 |       ||    38
Armor: Animal skin       |    55 |    84 |       ||   139
Dodge: Dodged            |    52 |   127 |       ||   179
